← All builds
Tech / Armada / Economy first / OBSERVED BUILD

Standard tech

Armada Tech (Eco) build order · Supreme Isthmus

Rushes T2 factory and T2 constructor to supply the team, upgrading mexes first and sending the first T2 constructor to Geo before scaling its own eco.

Usually first T2 con to Geo (82%)

#eco #t2 #team support · 1780 distinct matches · 271 players · 59% of Armada Tech games · team won 54% of 2104 · Recently observed

HOW TO PLAY IT

Key timing: T2 factory by 4:15

  1. Open 3 mex and heavy wind to fund a fast T2 rush.
  2. Put down Bot Lab, planning to eat it for reclaim soon after.
  3. Get Advanced Bot Lab up, hitting the T2 factory rush timing.
  4. Upgrade mex to Advanced Metal Extractor to lock in team metal income.
  5. Eat Advanced Bot Lab and keep sending cons to Geo and Pond.

Phase by phase

TYPICAL OF ITS 1780 GAMES
  1. 1
  2. 2
  3. 3
  4. 4
PLAY THE OPENING

Follow the example game's first 6:00 step by step: what to build now, what comes next, and where it goes. At 1× it keeps pace with your own game.

  1. 1

    Up to the Bot Lab

    Economy
    • Metal Extractor3Mex
    • Wind Turbine4Wind
    Order
    1. Bot LabBot Lab after 3 mex, 4 winddone ~1:18, middle half 1:13–1:32

    Some games also: energy storage (32%)

    By 1:01 in all: 3 mex · 4 wind

    The example game in this phase · 3 steps
    1. Mex ×3
    2. Wind ×6
    3. Bot LabBot Labdone 1:26 · typical 1:18
  2. 2

    Bot Lab to Advanced Bot Lab

    Economy
    • Metal Extractor1Mex
    • Wind Turbine8Wind
    • Energy Storage1Energy storage
    Order
    1. Advanced Bot LabAdvanced Bot Lab after 4 mex, 12 wind, 3 con turretdone ~4:16, middle half 4:04–4:30
    Builders
    • Construction Turret3 Con turret
    • Lazarus3 Lazarus
    • Construction Bot2 Con bot
    • Construction Bot1 Con bot for allies

    Some games also: converter (36%)

    By 3:18 in all: 4 mex · 12 wind · 1 energy storage · 3 con turret

    The example game in this phase · 15 steps
    1. Construction BotCon bot
    2. LazarusLazarus
    3. Wind ×3
    4. LazarusLazarusfor Air
    5. Wind
    6. Construction BotCon bot
    7. Mex
    8. Construction BotCon bot
    9. Wind
    10. Energy storage
    11. Con turret
    12. Wind ×2
    13. Energy storage
    14. Con turret ×2
    15. Advanced Bot LabAdvanced Bot Labdone 4:30 · typical 4:16
  3. 3

    Advanced Bot Lab to 5:00

    Economy
    • Wind Turbine3Wind
    Order
    1. Bot LabEat Bot Lab
    Builders
    • Advanced Construction Bot1 T2 con bot for allies

    Some games also: converter (35%)

    By 5:00 in all: 4 mex · 15 wind · 1 converter · 1 energy storage · 3 con turret

    The example game in this phase · 2 steps
    1. Bot LabEat Bot Labreclaimed for its metal
    2. Advanced Construction BotT2 con botfor Geo
  4. 4

    5:00 to 10:00

    Economy
    • Wind Turbine43Wind
    • Energy Converter6Converter
    Builders
    • Butler9 Butler
    • Advanced Construction Bot4 T2 con bot for allies
    • Advanced Construction Bot1 T2 con bot

    Some games also: con turret (42%) · Butler for allies (36%)

    By 10:00 in all: 4 mex · 59 wind · 8 converter · 1 energy storage · 3 con turret

    The example game in this phase · 154 steps
    1. Advanced Construction BotT2 con botfor Air
    2. Advanced Metal ExtractorT2 mexdone 6:22 · typical 5:28
    3. Advanced Construction BotT2 con botfor Pond
    4. Advanced Metal ExtractorT2 mex
    5. Advanced Construction BotT2 con bot ×2for Beach sea
    6. Advanced Metal ExtractorT2 mex
    7. ButlerButler ×4
    8. Wind
    9. Advanced Metal ExtractorT2 mex
    10. ButlerButler
    11. Wind ×2
    12. ButlerButler
    13. Wind ×21
    14. Advanced Construction BotT2 con bot
    15. Wind
    16. ButlerButler
    17. Wind ×2
    18. ButlerButler
    19. Wind ×3
    20. ButlerButler
    21. Wind ×2
    22. Advanced Construction BotT2 con botfor Geo sea
    23. Wind ×12
    24. Windfor Geo sea
    25. Wind ×2
    26. Windfor Geo sea
    27. Wind ×2
    28. Windfor Geo sea
    29. Wind ×2
    30. Windfor Geo sea
    31. Wind ×5
    32. ButlerButler
    33. Wind ×4
    34. ButlerButler
    35. Wind ×7
    36. Windfor Geo sea
    37. Converter
    38. ButlerButler
    39. Wind ×2
    40. Windfor Geo sea
    41. Wind ×2
    42. Windfor Geo sea
    43. Wind ×2
    44. Windfor Geo sea
    45. Wind ×2
    46. Converter
    47. Wind ×6
    48. Converter
    49. Wind ×6
    50. Converter
    51. Wind
    52. Windfor Geo sea
    53. Wind ×2
    54. Converter
    55. Windfor Geo sea
    56. Wind
    57. Advanced Construction BotT2 con bot
    58. Wind
    59. Converter
    60. Windfor Geo sea
    61. Wind ×2
    62. Windfor Geo sea
    63. Converter
    64. Wind ×5
    65. Converter
    66. Wind ×5
    67. Converter ×2
    68. Wind
    69. Bot LabBot Labdone 12:37
    70. Wind ×5
    71. Converter
    72. Wind ×5
    73. Converter
    74. Wind ×3
    75. Converter
    76. Wind ×5
    77. Converter
    78. Wind ×4
    79. Construction BotCon bot
    80. Wind
    81. Converter
    82. Wind ×5
    83. Converter
    84. Wind ×3
    85. SharpshooterSniper botdone 13:20
    86. Wind ×2
    87. Converter
    88. Wind ×7
    89. Converter
    90. Wind ×5
    91. Converter
    92. Wind ×5
    93. Converter
    94. Wind ×6
    95. Converter
    96. Wind ×3
    97. Converter
    98. Wind ×5
    99. PawnPawn
    100. Converter
    101. Wind ×2
    102. PawnPawn
    103. Wind ×2
    104. PawnPawn
    105. Wind
    106. Converter
    107. Wind
    108. Con turret
    109. PawnPawn
    110. Wind ×2
    111. Converter
    112. Wind ×4
    113. Con turret
    114. Wind ×3
    115. PawnPawn
    116. Converter
    117. Wind ×2
    118. Con turret
    119. Wind
    120. PawnPawn
    121. Wind
    122. Converter
    123. Wind ×2
    124. PawnPawn
    125. Con turret
    126. Converter
    127. Wind ×4
    128. Con turret
    129. Wind ×2
    130. SharpshooterSniper bot
    131. PawnPawn
    132. Wind
    133. Converter
    134. Wind ×4
    135. Converter
    136. Wind ×4
    137. Converter
    138. PawnPawn ×2
    139. Wind ×2
    140. PawnPawn
    141. Wind
    142. PawnPawn
    143. Wind ×3
    144. PawnPawn
    145. Converter
    146. PawnPawn
    147. Wind ×3
    148. SharpshooterSniper bot
    149. PawnPawn
    150. Wind
    151. Converter
    152. Wind
    153. PawnPawn
    154. Wind ×2

Counts are medians over the build's games: half of them build more, half fewer. The example game is malleking's (33 OS, 11/09/2026); pick another.

Team trades

IN AT LEAST 30% OF ITS GAMES

You hand over

  • Construction Bot1 Con bot to Airfirst at 2:23 · in 83% of games
  • Advanced Construction Bot5 T2 con bot to Air or Pond or Geo seafirst at 4:51 · in 99% of games
  • Butler2 Butler to Geo sea or Beach sea or Pondfirst at 9:06 · in 42% of games

You get

  • Hercules1 Light transport from Airfirst at 4:01 · in 86% of games

How it plays out

Typical game of this build, running totals by minute

Metal produced

020k40k
0:005:0010:0015:00

metal

Enemy metal destroyed

050100
0:005:0010:0015:00

metal

Own metal lost

050100150
0:005:0010:0015:00

metal

2104 games.

Show as table
ByMetal produced: This buildEnemy metal destroyed: This buildOwn metal lost: This build
1:0038300
2:0091500
3:00165600
4:00314800
5:00484700
6:00580500
7:00724600
8:00908400
9:001121700
10:001354500
11:001625900
12:001967800
13:002346500
14:0027368074
15:003159093130
WHAT THE NUMBERS SAY

Standard Tech play barely fights at all early, instead pouring metal into T2 infrastructure and constructors for the team.

  • + Metal produced hits 31679 by 15:00, by far the highest of any role here.
  • + T2 factory reached in 97% of games by 4:15, fastest and most reliable T2 timing.
  • − Enemy metal destroyed stays at 0 through 10:00, no early offense at all.
  • − Own metal lost also near 0, showing total avoidance of combat risk.
THE EXAMPLE YOU ARE READING

malleking

33.5 OS · 11/09/2026

Open source match ↗

1 received units
828 metal received · 42873 energy received

Allied construction assistance is unknown. Timings are observations, not a promise of solo reproducibility.

Typical milestones

Bot Lab1:18Middle 50%: 1:13–1:32 · n=2104
Advanced Bot Lab4:16Middle 50%: 4:04–4:30 · n=2097
Advanced Metal Extractor5:28Middle 50%: 5:05–5:58 · n=2100

Played most by

Amrissa97games of this buildTheGeneraI70games of this buildAdeus62games of this buildUncle_Cane60games of this buildCrouxy54games of this build